 Dungeon Crawl Stone Soup version 0.26-a0-317-ge2f3d4a7ca (webtiles) character file.

Game seed: 16094644855944794177

314 ANON1729 the Skirmisher (level 6, 0/48 HPs)
             Began as a Human Fighter on July 15, 2020.
             Slain by a two-headed ogre
             ... wielding a +0 giant spiked club
              (2 damage)
             ... on level 4 of the Dungeon.
             The game lasted 00:04:22 (3849 turns).

ANON1729 the Skirmisher (Human Fighter)             Turns: 3849, Time: 00:04:22

Health: 0/48       AC: 18    Str: 18    XL:     6   Next: 72%
Magic:  6/6        EV:  7    Int:  9    God:
Gold:   168        SH:  9    Dex: 12    Spells: 5/5 levels left

rFire    + . .     SeeInvis .   t - +5 morningstar (protect)
rCold    . . .     Faith    .   c - +0 kite shield
rNeg     . . .     Spirit   .   u - +3 scale mail
rPois    .         Reflect  .   (no helmet)
rElec    .         Harm     .   f - +0 cloak
rCorr    +                      (no gloves)
MR       .....                  (no boots)
Stlth    ..........             (no amulet)
HPRegen  0.16/turn              e - ring of protection from fire
MPRegen  0.10/turn              l - ring of resist corrosion

@: protection aura
A: no striking features
a: no special abilities


You were on level 4 of the Dungeon.
You visited 1 branch of the dungeon, and saw 4 of its levels.

You collected 168 gold pieces.

Inventory:

Hand Weapons
 t - a +5 morningstar of protection (weapon)
Armour
 b - a +0 scale mail
 c - a +0 kite shield (worn)
 f - a +0 cloak (worn)
 u - a +3 scale mail (worn)
Jewellery
 e - a ring of protection from fire (left hand)
 l - a ring of resist corrosion (right hand)
 n - an uncursed ring of wizardry
Wands
 w - a wand of flame (12)
Scrolls
 a - a scroll of identify
 g - 2 scrolls of fog
 h - a scroll of remove curse
 m - 4 scrolls of teleportation {unknown}
 o - 2 scrolls of amnesia
 q - a scroll of fear {unknown}
Potions
 d - a potion of might
 i - 2 potions of lignification {unknown}
 j - a potion of haste {unknown}
 k - a potion of cancellation {unknown}
 p - 2 potions of stabbing {unknown}
 r - a potion of curing {unknown}
 s - a potion of ambrosia {unknown}
 v - a potion of berserk rage {unknown}


   Skills:
 + Level 4.2 Fighting
   Level 3.2 Long Blades
 * Level 1.8 Maces & Flails
 + Level 4.2 Armour
 + Level 4.2 Shields


You had 5 spell levels left.
You didn't know any spells.
Your spell library was empty.

Dungeon Overview and Level Annotations

Branches:
Dungeon (4/15)
 Temple: D:4-7

Altars:


Message History

You hit the two-headed ogre.
The two-headed ogre is heavily wounded.
The two-headed ogre barely misses you. You block the two-headed ogre's attack.
You sock the two-headed ogre!
The two-headed ogre is severely wounded.
The two-headed ogre hits you with a +0 giant spiked club!!
* * * LOW HITPOINT WARNING * * *
You block the two-headed ogre's attack.
Evoke which item? (* to show all) (? for menu, Esc to quit)
Okay, then.
Press: ? - help, . - travel, g - get item You can't see that place. [Stash: a manual of Slings] [the floor.]
Found a hunting sling.
You puncture the two-headed ogre!
Your weapon exudes an aura of protection.
The two-headed ogre is almost dead.
The two-headed ogre hits you with a +0 giant spiked club.
You die...

##...### ###.##
#..##. # #####
##...# #.#### ##
###########...##
##.#
.#####...........###
#..#
#..##...#####..###
#######..# ##....###
#### ###........#
##..## ##.........##
####
#####..#########
#..@OS.### ##
#...####Z.†## #.
#.... #####..## #.
).#. ##...##..# ##.
. # #:.....#..# #..
#......Z....# ##.#
#............###..#
#.......#........##
##.....##.###....#


You could see a two-headed ogre, an adder and a howler monkey skeleton.

Vanquished Creatures
  Crazy Yiuf (D:2)
  A centaur skeleton (D:4)
  A bullfrog skeleton (D:4)
  Jessica (D:3)
  An orc wizard (D:3)
  Terence (D:3)
  6 adders
  An ooze (D:1)
  3 worms
  3 dart slugs
  6 leopard geckos
  4 orcs (D:3)
  3 giant cockroaches
  8 goblins
  7 hobgoblins
  2 jackals (D:1)
  2 quokkas
  A ball python (D:1)
  4 bats
  4 frilled lizards
  7 kobolds
  9 rats
76 creatures vanquished.

Notes
Turn   | Place    | Note
-------+----------+-------------------------------------------
     0 | D:1      | ANON1729 the Human Fighter began the quest for the Orb.
     0 | D:1      | Reached XP level 1. HP: 18/18 MP: 1/1
   123 | D:1      | Reached XP level 2. HP: 20/24 MP: 2/2
   573 | D:1      | Reached XP level 3. HP: 29/29 MP: 3/3
  1120 | D:2      | Reached XP level 4. HP: 18/35 MP: 4/4
  1615 | D:2      | Found a runed translucent door.
  1616 | D:2      | Noticed Crazy Yiuf
  1849 | D:2      | Reached XP level 5. HP: 25/42 MP: 5/5
  2342 | D:2      | Killed Crazy Yiuf
  2557 | D:2      | Upgraded the game from 0.26-a0-307-g4e7fcc93f0 to
                  | 0.26-a0-317-ge2f3d4a7ca
  2612 | D:3      | Noticed Jessica
  2619 | D:3      | Killed Jessica
  2739 | D:3      | Noticed Terence
  2761 | D:3      | Killed Terence
  2979 | D:3      | Reached XP level 6. HP: 48/48 MP: 6/6
  3234 | D:3      | Reached skill level 1 in Maces & Flails
  3833 | D:4      | Noticed a two-headed ogre
  3845 | D:4      | HP: 1/48 [two-headed ogre/+0 giant spiked club (19)]
  3849 | D:4      | Slain by a two-headed ogre

Illustrated notes

Levels and vault maps discovered:
D:1:      lemuel_arrival_river_ford, layout_basic
D:2:      layout_loops_ring, st_stairs_8, uniq_crazy_yiuf_cottage
D:3:      layout_loops_ring, uniq_jessica, uniq_terence
D:4:      layout_layer_cave, minmay_manual_moon

Skill      XL: |  1  2  3  4  5  6 |
---------------+-------------------+-----
Long Blades    | 3 |  3.2
Fighting       | 4 |  4.2
Armour         | 4 |  4.2
Shields        | 4 |  4.2
Maces & Flails | 1 |  1.8

Action                   |  1- 3 |  4- 6 || total
-------------------------+-------+-------++-------
Melee: Long sword        |    92 |    84 ||   176
       Morningstar       |       |    67 ||    67
  Use: Scroll            |       |     4 ||     4
Armor: Scale mail        |    45 |    54 ||    99
Dodge: Dodged            |    31 |    47 ||    78
Block: Kite shield       |    50 |    72 ||   122
       Rpst.: Long sword |    10 |     5 ||    15

Table legend:
 A = Non-vault XP
 B = Vault XP
 C = Vault XP percentage of total XP
 D = Non-vault monster count
 E = Vault monster count
 F = Vault count percentage of total count
                 A         B        C        D         E       F
            +---------+---------+-------+---------+---------+-------
      Total |     320 |     129 |  28.7 |      71 |       5 |   6.6
            +---------+---------+-------+---------+---------+-------
        D:1 |      50 |       0 |   0.0 |      26 |       0 |   0.0
        D:2 |      78 |      55 |  41.4 |      21 |       2 |   8.7
        D:3 |      96 |      73 |  43.2 |      18 |       2 |  10.0
        D:4 |      96 |       1 |   1.0 |       6 |       1 |  14.3
            +---------+---------+-------+---------+---------+-------
